 Dungeon Crawl Stone Soup version 0.25-a0-279-g53730b6a6f (webtiles) character file.

Game seed: 16015924889424732541, levelgen mode: deterministic

4148 MrRokkomies the Nimble (level 10, -2/51 HPs)
             Began as a Spriggan Venom Mage on Dec 10, 2019.
             Was an Initiate of Gozag.
             Slain by a four-headed hydra (17 damage)
             ... on level 8 of the Dungeon.
             The game lasted 00:40:23 (8474 turns).

MrRokkomies the Nimble (Spriggan Venom Mage)        Turns: 8474, Time: 00:40:26

Health: -2/51      AC:  3    Str:  7    XL:     10   Next: 7%
Magic:  2/18       EV: 26    Int: 17    God:    Gozag
Gold:   1032       SH:  0    Dex: 17    Spells: 6/19 levels left

rFire    + . .     SeeInvis +   b - +1 hunting sling
rCold    . . .     Gourm    .   (shield restricted)
rNeg     . . .     Faith    .   f - +1 robe
rPois    .         Spirit   .   (helmet restricted)
rElec    .         Reflect  .   (no cloak)
rCorr    .         Harm     .   (gloves unavailable)
MR       +....                  (boots unavailable)
Stlth    +++.......             (no amulet)
HPRegen  0.17/turn              e - +2 ring of evasion
MPRegen  0.16/turn              s - ring of protection from fire

@: very quick
A: very small, unfitting armour, see invisible, herbivore, speed 3, slow
metabolism 2
a: Potion Petition, Call Merchant, Bribe Branch, Renounce Religion


You were on level 8 of the Dungeon.
You worshipped Gozag.
Gozag was most pleased with you.
You were near starving.

You visited 2 branches of the dungeon, and saw 9 of its levels.

You collected 1316 gold pieces.
You spent 176 gold pieces at shops.
You paid 108 gold pieces to Gozag.

Inventory:

Hand Weapons
 a - a +0 short sword of venom
 b - a +1 hunting sling (weapon)
 E - the +1 quarterstaff of Jifusatt {freeze, Str+5 Int-2}
   (You found it on level 8 of the Dungeon)

   It has been specially enchanted to freeze those struck by it, causing extra
   injury to most foes and up to half again as much damage against particularly
   susceptible opponents.
   It can also slow down cold-blooded creatures.
   It affects your strength (+5).
   It affects your intelligence (-2).
Missiles
 g - 43 poisoned darts
 h - 339 stones (quivered)
 l - 47 sling bullets
 q - 3 curare-tipped darts
Armour
 f - a +1 robe (worn)
Jewellery
 e - a +2 ring of evasion (left hand)
 s - a ring of protection from fire (right hand)
 t - an uncursed ring of ice
Wands
 m - a wand of acid (4)
 p - a wand of iceblast (7)
 w - a wand of random effects (13)
 y - a wand of flame (9)
Scrolls
 d - a scroll of enchant armour
 j - a scroll of magic mapping
 k - 4 scrolls of remove curse
 C - a scroll of amnesia
Potions
 i - a potion of lignification
 n - 3 potions of brilliance
 o - a potion of might
 r - 2 potions of haste
 u - a potion of curing
 v - a potion of berserk rage {unknown}
 z - a potion of heal wounds
 A - a potion of degeneration {unknown}
 D - 2 potions of flight {unknown}
Comestibles
 c - 6 rations


   Skills:
 * Level 5.3 Fighting
 * Level 1.2 Short Blades
 + Level 3.0 Slings
 + Level 9.0 Dodging
 - Level 5.0 Stealth
 - Level 5.0 Spellcasting
 - Level 3.0 Conjurations
 - Level 4.3 Transmutations
 - Level 4.0 Air Magic
 - Level 8.0 Poison Magic


You had 6 spell levels left.
You knew the following spells:

 Your Spells              Type           Power        Failure   Level  Hunger
a - Sting                 Tmut/Pois      ####         1%          1    None
b - Poisonous Vapours     Pois/Air       ###...       1%          2    #......
c - Mephitic Cloud        Conj/Pois/Air  ###.....     5%          3    ###....
d - Ignite Poison         Fire/Tmut/Pois ###.....     8%          3    ###....
e - Olgreb's Toxic Radia  Pois           ####....     5%          4    ####...

Your spell library contained the following spells:

 Spells                   Type           Power        Failure   Level  Hunger


Dungeon Overview and Level Annotations

Branches:
Dungeon (8/15)             Temple (1/1) D:4
   Lair: D:8-11

Altars:
Ashenzari
Dithmenos
Fedhas
Gozag
Hepliaklqana
Kikubaaqudgha
Makhleb
Nemelex Xobeh
Okawaru
Qazlal
Ru
Trog
Uskayaw
Vehumet
Wu Jian
Xom
Yredelemnul
Zin
The Shining One

Shops:
D:6 *


Innate Abilities, Weirdness & Mutations

You are very small and have problems with some larger weapons.
You are too small for most types of armour.
You have supernaturally acute eyesight. (SInv)
You are a herbivore.
You cover ground extremely quickly.
You need to consume almost no food.


Message History

Casting: Ignite Poison (safe; 8% risk of failure)
Confirm with . or Enter, or press ? or * to list all spells.
Aiming: Mephitic Cloud (safe; 5% risk of failure)
Press: ? - help, Shift-Dir - straight line, p - four-headed hydra The ball explodes into a vile cloud!
Casting: Mephitic Cloud (safe; 5% risk of failure)
Confirm with . or Enter, or press ? or * to list all spells.
You ignite the poison in your surroundings!
The four-headed hydra is engulfed in blazing flames.
Evoke which item? (* to show all) (? for menu, Esc to quit)
Aiming: Throw Flame
Press: ? - help, Shift-Dir - straight line The puff of flame hits the four-headed hydra.
The four-headed hydra is severely wounded.
The four-headed hydra is engulfed in blazing flames.
The four-headed hydra bites you.
* * * LOW HITPOINT WARNING * * *
The four-headed hydra bites you!
You die...
Your body crumbles into a pile of gold.

###...## #.#.##.#.
#.<....# #.#......
#.##.#.# ..####.##
#.#..#.# ### #.# #....#.#
#.# #.#.##.# #.#
#....####################
###.).8.7.7☼7.7.7.7.7.7.8
#.....@D☼.....((...(...
#.#.7.7.8○7.7.7.8.8.8.7
#.#####################
#.#..#..........#
#......##.#######
###..####.# #.......#
#.......# #########


You could see a four-headed hydra.

Vanquished Creatures
  An unseen horror (D:8)
  A water moccasin (D:5)
  2 ice beasts
  A sky beast (D:8)
  3 orc warriors
  4 black bears
  A necrophage (D:6)
  7 ogres
  A centaur (D:7)
  6 bullfrogs
  3 scorpions (D:4)
  3 wights (D:6)
  2 howler monkeys
  2 crimson imps (D:7)
  2 jellies
  A centaur zombie (D:7)
  2 orc priests
  6 hounds
  A bullfrog skeleton (D:4)
  6 orc wizards
  2 iguanas
  5 worker ants
  A hound zombie (D:8)
  3 gnolls (D:3)
  8 adders
  7 river rats (D:6)
  4 oozes
  2 adder zombies (D:6)
  An adder skeleton (D:4)
  5 leopard geckos
  25 orcs
  2 ball pythons (D:1)
  8 bats
  6 giant cockroaches
  10 goblins
  9 hobgoblins
  8 quokkas
  A frilled lizard (D:2)
  2 giant cockroach zombies (D:6)
  A jackal skeleton (D:7)
  6 kobolds
  21 rats
192 creatures vanquished.

Notes
Turn   | Place    | Note
-------+----------+-------------------------------------------
     0 | D:1      | MrRokkomies the Spriggan Venom Mage began the quest for the
                  | Orb.
     0 | D:1      | Reached XP level 1. HP: 9/9 MP: 5/5
    53 | D:1      | Reached XP level 2. HP: 10/13 MP: 0/6
   677 | D:1      | Reached XP level 3. HP: 16/16 MP: 6/8
   681 | D:1      | Learned a level 2 spell: Poisonous Vapours
   685 | D:1      | Learned a level 3 spell: Mephitic Cloud
  1098 | D:2      | Found a blossoming altar of Fedhas.
  1128 | D:2      | Found a stormy altar of Qazlal.
  1291 | D:2      | You fall into a shaft and drop 1 floor!
  1481 | D:3      | Reached XP level 4. HP: 21/21 MP: 1/9
  1635 | D:3      | Reached skill level 4 in Dodging
  2215 | D:4      | Found a staircase to the Ecumenical Temple.
  2220 | Temple   | Entered the Ecumenical Temple
  2454 | D:4      | Reached XP level 5. HP: 22/24 MP: 3/10
  2939 | D:4      | Reached skill level 5 in Stealth
  2939 | D:4      | Reached XP level 6. HP: 28/28 MP: 4/11
  2968 | D:4      | Found an ornate altar of the Wu Jian Council.
  3009 | D:4      | Reached skill level 5 in Dodging
  3009 | D:4      | Reached skill level 5 in Poison Magic
  3424 | D:4      | Found a bloodstained altar of Trog.
  3484 | D:5      | Entered Level 5 of the Dungeon
  3494 | D:5      | Noticed a water moccasin
  3500 | D:5      | Learned a level 3 spell: Ignite Poison
  3547 | D:5      | Killed a water moccasin
  3547 | D:5      | Reached XP level 7. HP: 26/32 MP: 3/12
  3673 | D:5      | Reached skill level 6 in Dodging
  4200 | D:5      | Found an opulent altar of Gozag.
  4206 | D:5      | Became a worshipper of Gozag Ym Sagoz the Greedy
  4586 | D:6      | Reached skill level 7 in Dodging
  4738 | D:6      | Reached XP level 8. HP: 36/36 MP: 7/13
  4889 | D:6      | Reached skill level 8 in Dodging
  5169 | D:6      | Reached skill level 1 in Air Magic
  5260 | D:6      | Reached skill level 1 in Fighting
  5544 | D:6      | Learned a level 4 spell: Olgreb's Toxic Radiance
  6081 | D:6      | Found Jiareaj's Assorted Antiques.
  6089 | D:6      | Bought a sharpened silver wand for 88 gold pieces
  6089 | D:6      | Bought a wooden wand for 88 gold pieces
  6106 | D:6      | Found a shattered altar of Ashenzari.
  6391 | D:6      | Reached XP level 9. HP: 28/44 MP: 7/16
  7256 | D:7      | Found a hazy altar of Hepliaklqana.
  7256 | D:7      | Found a hide-covered altar of Uskayaw.
  7369 | D:7      | Reached skill level 5 in Spellcasting
  7369 | D:7      | Reached skill level 1 in Conjurations
  7745 | D:8      | Noticed an unseen horror
  7758 | D:8      | Killed an unseen horror
  7949 | D:8      | Got an ancient quarterstaff
  7950 | D:8      | Identified the cursed +1 quarterstaff of Jifusatt {freeze,
                  | Str+5 Int-2} (You found it on level 8 of the Dungeon)
  8046 | D:8      | Reached skill level 5 in Fighting
  8246 | D:8      | Reached XP level 10. HP: 37/51 MP: 3/18
  8308 | D:8      | Reached skill level 1 in Short Blades
  8310 | D:8      | Reached skill level 9 in Dodging
  8392 | D:8      | Noticed a four-headed hydra
  8474 | D:8      | Slain by a four-headed hydra

Levels and vault maps discovered:
D:1:      onia_arrival_handbag, layout_rooms,
          wander_ebering_terrifying_dragon_lair
D:2:      layout_basic, grunt_qazlal_sundering, lemuel_round_altar,
          lemuel_doored_altar
D:3:      layout_loops_cross, first_ration, kennysheep_generic_room_7
D:4:      layout_rooms, lemuel_coloured_pillars_altar, lightli_temple_of_fire,
          minmay_temple_entry_statues_pillars
D:5:      layout_loops_ring, nicolae_gozag_cash_rules_everything_around_me
D:6:      lemuel_ratsnest, layout_basic, kennysheep_little_box, serial_shops,
          nicolae_shop_waterfront, grunt_tough_drop
D:7:      layout_loops_corners, gammafunk_temple_overflow_pools
D:8:      minmay_the_grid_square_5x5_3x3 [minmay_the_grid_square_5x5_forky,
          minmay_the_grid_square_5x5_eight_small,
          minmay_the_grid_square_5x5_spiral_small,
          minmay_the_grid_square_5x5_two_walls_a,
          minmay_the_grid_square_5x5_megaprize_diamond,
          minmay_the_grid_square_5x5_corner, minmay_the_grid_square_5x5_shrine2,
          minmay_the_grid_square_5x5_six, minmay_the_grid_square_5x5_two_small],
          layout_loops_cross, marbit_many_paths, hangedman_pestilent_swarm,
          chequers_avenue
Temple:   minmay_temple_curvy_loop

Skill      XL: |  1  2  3  4  5  6  7  8  9 10 |
---------------+-------------------------------+-----
Transmutations | 2 3 4 |  4.3
Stealth        | 4 5 |  5.0
Dodging        | 4 5 7 8 9 |  9.0
Poison Magic   | 4 5 7 8 |  8.0
Spellcasting   | 4 5 |  5.0
Air Magic      | 3 4 |  4.0
Fighting       | 3 5 |  5.3
Conjurations   | 3 |  3.0
Slings         | 2 3 |  3.0
Short Blades   | 1 |  1.2

Action                   |  1- 3 |  4- 6 |  7- 9 | 10-12 || total
-------------------------+-------+-------+-------+-------++-------
Melee: Dagger            |    80 |   106 |    49 |       ||   235
       Unarmed           |     3 |       |       |       ||     3
       Short sword       |       |       |   253 |    22 ||   275
 Fire: Hunting sling     |       |    13 |    78 |     8 ||    99
Throw: Dart              |     1 |       |     1 |       ||     2
 Cast: Sting             |    51 |     8 |    13 |     1 ||    73
       Mephitic Cloud    |     1 |     1 |    11 |     5 ||    18
       Poisonous Vapours |       |    21 |    55 |     3 ||    79
       Ignite Poison     |       |       |    13 |     4 ||    17
       Olgreb's Toxic Ra |       |       |     3 |       ||     3
Invok: Potion Petition   |       |       |     1 |       ||     1
Evoke: Wand              |       |       |       |     8 ||     8
  Use: Scroll            |       |    11 |     9 |       ||    20
       Potion            |       |     1 |     1 |       ||     2
 Stab: Sleeping          |     2 |     5 |     8 |       ||    15
       Invisible         |       |     3 |       |       ||     3
       Distracted        |       |       |     1 |       ||     1
  Eat: Ration            |       |     1 |     5 |       ||     6
Armor: Robe              |     6 |    10 |    22 |     2 ||    40
Dodge: Dodged            |   101 |   111 |   387 |    30 ||   629

Table legend:
 A = Non-vault XP
 B = Vault XP
 C = Vault XP percentage of total XP
 D = Non-vault monster count
 E = Vault monster count
 F = Vault count percentage of total count
                 A         B        C        D         E       F
            +---------+---------+-------+---------+---------+-------
      Total |    4952 |     974 |  16.4 |     141 |      51 |  26.6
            +---------+---------+-------+---------+---------+-------
        D:1 |      49 |      20 |  29.0 |      25 |       5 |  16.7
        D:2 |       9 |       0 |   0.0 |       5 |       0 |   0.0
        D:3 |      84 |       3 |   3.4 |      20 |       2 |   9.1
        D:4 |     459 |       0 |   0.0 |      11 |       0 |   0.0
        D:5 |     455 |       0 |   0.0 |      13 |       0 |   0.0
        D:6 |    1484 |     305 |  17.0 |      28 |      37 |  56.9
        D:7 |    1118 |       0 |   0.0 |      30 |       0 |   0.0
        D:8 |    1294 |     646 |  33.3 |       9 |       7 |  43.8
            +---------+---------+-------+---------+---------+-------
